 Dungeon Crawl Stone Soup version 0.16.2-2-g470672f (webtiles) character file.

8127 CrazyArbalest the Quickloader (level 11, -14/86 HPs)
             Began as a Centaur Hunter on Aug 21, 2015.
             Was an Initiate of Gozag.
             Demolished by a komodo dragon (23 damage)
             ... on level 11 of the Dungeon.
             The game lasted 02:15:10 (16226 turns).

CrazyArbalest the Quickloader (Centaur Hunter)     Turns: 16226, Time: 02:15:10

Health: -14/86     AC:  7    Str: 12    XL:     11   Next: 5%
Magic:  8/8        EV: 14    Int: 14    God:    Gozag
Gold:   2307       SH:  0    Dex: 14    Spells: 0 memorised, 10 levels left

rFire  . . .     SeeInvis +     a - +1 whip (elec)
rCold  + . .     Clarity  .     O - +2 leather armour {rN+}
rNeg   + + .     SustAb   .     (no shield)
rPois  .         Gourm    .     (no helmet)
rElec  .         Spirit   .     m - +0 cloak
rCorr  .         Warding  .     (no gloves)
rMut   +         Stasis   .     (no barding)
MR     .....                    H - amulet of resist mutation
Stlth  +.........               M - ring "Ymiuni" {rC+ rN+ Str-2 Int+4 SInv} (curse)
                                e - +2 ring of evasion

@: very quick, not resistant to hostile enchantments, very unstealthy
A: hooves 3, deformed body, speed 2, tough skin 3
a: Potion Petition, Call Merchant, Bribe Branch, Renounce Religion


You were on level 11 of the Dungeon.
You worshipped Gozag.
Gozag was noncommittal.
You were not hungry.

You visited 3 branches of the dungeon, and saw 13 of its levels.
You also visited: Sewer, Ossuary and Bailey.

You collected 2381 gold pieces.
You paid 74 gold pieces to Gozag.

Inventory:

Hand weapons
 a - a +1 whip of electrocution (weapon)
 b - a +1 hand crossbow
 d - a +1 spear of freezing
 p - a +2 halberd of electrocution
 q - a +2 halberd of electrocution
 u - a +1 halberd of electrocution
 v - a +0 halberd of electrocution
 x - a +1 halberd of electrocution
 y - a +0 halberd of electrocution
 z - a +2 halberd of electrocution
 A - a +1 halberd of electrocution
 D - a +1 halberd of electrocution
 I - a +4 spear
 X - a +4 whip
Missiles
 G - 69 tomahawks of returning (quivered)
Armour
 l - the -5 helmet "Thoqus" {rF+ rCorr Str-2 Stlth+}
   (You found it on level 11 of the Dungeon)

   It affects your strength (-2).
   It protects you from fire.
   It protects you from acid and corrosion.
   It makes you more stealthy.
 m - a +0 cloak (worn)
 B - a +2 robe of fire resistance
 E - a +3 leather armour
 O - a +2 leather armour of positive energy (worn)
 S - a troll hide
Jewellery
 e - a +2 ring of evasion (left hand)
 H - an amulet of resist mutation (around neck)
 M - the cursed ring "Ymiuni" (right hand) {rC+ rN+ Str-2 Int+4 SInv}
   (You found it on level 5 of the Dungeon)

   [ring of protection from cold]

   It affects your strength (-2).
   It affects your intelligence (+4).
   It protects you from cold.
   It protects you from negative energy.
   It enhances your eyesight.
   It has a curse placed upon it.
 N - an uncursed ring of flight
Magical devices
 j - a wand of flame (12)
 F - a wand of slowing (20)
 U - a wand of heal wounds (3)
Scrolls
 h - 4 scrolls of teleportation
 i - 7 scrolls of identify
 r - a scroll of magic mapping
 s - 3 scrolls of remove curse
 t - 4 scrolls of blinking
 J - a scroll of random uselessness
Potions
 g - a potion of restore abilities {unknown}
 n - 2 potions of curing
 o - 3 potions of magic {unknown}
 w - 5 potions of heal wounds
 C - 2 potions of beneficial mutation {unknown}
Books
 K - a book of Envenomations

   Spells                             Type                      Level
   a - Spider Form                    Transmutation/Poison         3
   b - Alistair's Intoxication        Transmutation/Poison         4
   c - Olgreb's Toxic Radiance        Poison                       4
   d - Poisonous Cloud                Conjuration/Poison/Air       6
 Z - a book of Battle

   Spells                             Type                      Level
   a - Infusion                       Charms                       1
   b - Shroud of Golubria             Charms/Translocation         2
   c - Song of Slaying                Charms                       2
   d - Spectral Weapon                Hexes/Charms                 3
   e - Regeneration                   Charms/Necromancy            3
Comestibles
 f - 5 bread rations
 P - 3 meat rations


   Skills:
 + Level 5.1 Fighting
 + Level 4.0 Maces & Flails
 * Level 14.6 Crossbows
 + Level 2.6 Armour
 + Level 5.5 Dodging
 + Level 1.1 Stealth
 + Level 0.2 Evocations


You had 10 spell levels left.
You didn't know any spells.

Dungeon Overview and Level Annotations

Branches:
Dungeon (11/15)            Temple (1/1) D:4            Lair (1/8) D:10
    Orc: D:9-12

Altars:
Ashenzari
Cheibriados
Dithmenos
Elyvilon
Fedhas
Gozag
Kikubaaqudgha
Makhleb
Nemelex Xobeh
Okawaru
Qazlal
Ru
Sif Muna
Trog
Vehumet
Xom
Yredelemnul
Zin
The Shining One

Shops:
D:4 (

Annotations:
D:10 krupnik16's ghost, experienced GrFi


Innate Abilities, Weirdness & Mutations

You have hooves in place of feet.
Armour fits poorly on your strangely shaped body.
You cover ground very quickly.
You have extremely tough skin (AC +3).


Message History

The orc warrior misses you.
The orc wizard gestures at you while chanting.
You easily resist.
The orc wizard casts a spell at you. The magic dart hits you!
* * * LOW HITPOINT WARNING * * *
The orc wizard points at you and mumbles some strange words.
You are confused.
You bump into the rock wall.
The orc warrior hits you from afar with a halberd!!
* * * LOW HITPOINT WARNING * * *
You bump into the rock wall.
The orc warrior misses you.
The orc wizard hits you but does no damage.
You're too confused to move!
The komodo dragon closely misses you. The orc warrior closely misses you.
Drink which item? (? for menu, Esc to quit)
You feel better. The orc wizard closely misses you.
The komodo dragon bites you!!
You die...
Your body crumbles into a pile of gold.

#..).# #....#...>#.
#.(..# #....+..<.#.
#....# #....#....#.
#....####....###+##.
###.....###.........
#........#.........
#.o......'.........
#lo###'###.........
#.@#.........##+##.
#..#.........#...'.
#..'.........#...#.
#..#.........+...##
##'#.........#....'
#..#.........#+####
#..#....#'##......#
#..######..Z......#
#...# #...#......+


You could see a komodo dragon, an orc warrior and an orc wizard.

Vanquished Creatures
  A hill giant (D:10)
  A komodo dragon (D:10)
  2 trolls
  A two-headed ogre (D:9)
  A basilisk (D:11)
  2 hungry ghosts
  A hippogriff (D:7)
  3 yaks (D:10)
  A human (D:7)
  5 sky beasts
  2 ogres
  4 ice beasts
  4 orc warriors
  Sigmund (D:2)
  3 crocodiles (D:10)
  3 giant frogs
  6 centaurs
  An elf zombie (Ossuary)
  A big kobold (D:7)
  A gnoll sergeant (D:11)
  A water moccasin zombie (D:9)
  14 wights
  2 crimson imps (D:7)
  A giant frog zombie (D:10)
  5 centaur zombies
  A gnoll shaman (D:7)
  3 jellies
  3 hounds
  11 orc wizards
  4 orc priests
  6 iguanas
  4 sheep (D:7)
  5 worker ants
  3 ogre zombies (Ossuary)
  Ijyb (D:2)
  8 mummies
  A worker ant zombie (D:6)
  31 gnolls
  12 adders
  A river rat (D:5)
  3 shadow imps
  A giant mite (Sewer)
  2 worms
  4 adder zombies (Ossuary)
  An adder skeleton (D:9)
  6 giant geckos
  An ooze (D:3)
  42 orcs
  A ball python (Sewer)
  17 bats
  3 gnoll zombies
  8 goblins
  25 hobgoblins
  9 jackals
  46 kobolds
  2 quokkas
  9 giant cockroaches
  7 giant newts
  A giant spore (D:11)
  3 goblin zombies (Ossuary)
  7 hobgoblin zombies (Ossuary)
  A kobold zombie (Ossuary)
  3 quokka zombies (Ossuary)
  12 rats
  5 rat zombies (Ossuary)
  5 ballistomycetes
385 creatures vanquished.

Vanquished Creatures (others)
  A swamp drake (D:10)
  An adder (D:6)
  A giant spore (D:7)
  A fungus (Lair:1)
4 creatures vanquished.

Grand Total: 389 creatures vanquished

Notes
Turn   | Place    | Note
--------------------------------------------------------------
     0 | D:1      | CrazyArbalest, the Centaur Hunter, began the quest for the Orb.
     0 | D:1      | Reached XP level 1. HP: 17/17 MP: 1/1
   323 | D:1      | Reached XP level 2. HP: 22/24 MP: 2/2
   748 | D:2      | Found a deep blue altar of Sif Muna.
   780 | D:2      | Reached skill level 5 in Crossbows
   814 | D:2      | Found a blossoming altar of Fedhas.
   831 | D:2      | Found a shattered altar of Ashenzari.
   834 | D:2      | Found an opulent altar of Gozag.
   835 | D:2      | Found a glowing silver altar of Zin.
   838 | D:2      | Found an ancient bone altar of Kikubaaqudgha.
   874 | D:2      | Noticed Sigmund
   899 | D:2      | Killed Sigmund
   899 | D:2      | Reached XP level 3. HP: 14/29 MP: 3/3
   899 | D:2      | Reached XP level 4. HP: 17/36 MP: 3/3
  1084 | D:2      | Found a shadowy altar of Dithmenos.
  1687 | D:2      | Reached XP level 5. HP: 20/42 MP: 4/4
  1905 | D:2      | Noticed Ijyb
  1915 | D:2      | Killed Ijyb
  1915 | D:2      | Reached skill level 6 in Crossbows
  1915 | D:2      | Reached skill level 1 in Armour
  2131 | D:2      | Became a worshipper of Gozag Ym Sagoz the Greedy
  2297 | D:3      | Found a glowing golden altar of the Shining One.
  3278 | D:4      | Found Enafaora's Antique Weapon Boutique.
  3302 | D:4      | Found a burning altar of Makhleb.
  3389 | D:4      | Reached XP level 6. HP: 32/50 MP: 5/5
  3464 | D:4      | Reached skill level 1 in Maces & Flails
  3618 | D:4      | Found a sand-covered staircase.
  3684 | Ossuary  | Entered an ossuary
  4073 | Ossuary  | Reached skill level 7 in Crossbows
  4313 | Ossuary  | Reached XP level 7. HP: 31/56 MP: 5/5
  4803 | D:4      | Noticed an ice beast
  4836 | D:4      | Killed an ice beast
  5000 | D:4      | Found a staircase to the Ecumenical Temple.
  5100 | D:5      | Entered Level 5 of the Dungeon
  5363 | D:5      | Reached skill level 8 in Crossbows
  5367 | D:5      | Found a glowing drain.
  5371 | Sewer    | Entered a sewer
  5945 | D:5      | Got a warped pewter ring
  5962 | D:5      | Identified the ring "Ymiuni" {rC+ rN+ Str-2 Int+4 SInv} (You found it on level 5 of the Dungeon)
  6536 | D:5      | Reached XP level 8. HP: 63/63 MP: 6/6
  6847 | D:6      | Reached skill level 9 in Crossbows
  6922 | D:6      | Found a white marble altar of Elyvilon.
  7547 | D:6      | Reached skill level 10 in Crossbows
  7758 | D:6      | Reached XP level 9. HP: 64/71 MP: 7/7
  7820 | D:6      | Got an encrusted short sword
  7823 | D:6      | Identified the +2 short sword "Giantbane" {speed, +Rage rC- MR+ Int+5} (You found it on level 6 of the Dungeon)
  8347 | D:7      | Reached skill level 11 in Crossbows
  8621 | D:7      | Found a snail-covered altar of Cheibriados.
  9309 | D:7      | Reached skill level 12 in Crossbows
 10691 | D:8      | Reached skill level 5 in Dodging
 11139 | D:9      | Reached XP level 10. HP: 80/80 MP: 7/7
 11233 | D:9      | Found a basalt altar of Yredelemnul.
 11968 | D:9      | Reached skill level 13 in Crossbows
 12216 | D:10     | Entered Level 10 of the Dungeon
 12342 | D:10     | Noticed krupnik16's ghost (experienced GrFi)
 12680 | D:10     | Noticed a hill giant
 12797 | D:10     | Killed a hill giant
 13100 | D:10     | Noticed an unseen horror
 13161 | D:10     | Reached skill level 1 in Stealth
 13379 | D:10     | Reached skill level 14 in Crossbows
 13482 | D:10     | Reached skill level 5 in Fighting
 13561 | D:10     | Found a staircase to the Lair.
 13644 | Lair:1   | Entered Level 1 of the Lair of Beasts
 13870 | Temple   | Entered the Ecumenical Temple
 14463 | D:11     | Found a flagged portal.
 14681 | D:11     | Got a distressingly furry helmet
 14687 | D:11     | Identified the -5 helmet "Thoqus" {rF+ rCorr Str-2 Stlth+} (You found it on level 11 of the Dungeon)
 14915 | Bailey   | Entered a bailey
 15671 | Bailey   | Reached XP level 11. HP: 69/86 MP: 8/8
 16222 | D:11     | HP: 3/86 [orc warrior/halberd (21)]
 16226 | D:11     | Demolished by a komodo dragon

Action                   |  1- 3 |  4- 6 |  7- 9 | 10-12 || total
-------------------------+-------+-------+-------+-------++-------
Melee: Whip              |    64 |   260 |   414 |   295 ||  1033
       Short sword       |     7 |       |       |       ||     7
       Flail             |       |       |    15 |       ||    15
       Mace              |       |       |     8 |       ||     8
       Hand axe          |       |       |     2 |       ||     2
 Fire: Hand crossbow     |     7 |    76 |   297 |   227 ||   607
Evoke: Wand              |       |       |     1 |     2 ||     3
  Use: Scroll            |       |     2 |     8 |    17 ||    27
       Potion            |       |       |     4 |     3 ||     7
 Stab: Distracted        |       |       |     1 |       ||     1
  Eat: Chunk             |       |     3 |       |       ||     3
       Beef jerky        |       |     1 |     2 |       ||     3
       Bread ration      |       |     1 |     2 |       ||     3
       Fruit             |       |       |     6 |     3 ||     9
       Pizza             |       |       |       |     8 ||     8
